 Dungeon Crawl Stone Soup version 0.31-a0-1591-g515db51633 (webtiles) character file.

Game seed: 2080283373391036200

17 Flugslaktarn the Apothecary (level 2, 0/17 HPs)
             Began as an Octopode Alchemist on Jan 6, 2024.
             Slain by an ufetubus (3 damage)
             ... on level 4 of the Dungeon.
             The game lasted 00:00:39 (330 turns).

Flugslaktarn the Apothecary (Octopode Alchemist)     Turns: 330, Time: 00:00:39

Health: 0/17       AC:  1    Str:  7    XL:     2   Next: 62%
Magic:  0/5        EV: 13    Int: 17    God:
Gold:   67         SH:  0    Dex: 12    Spells: 4/5 levels left

rFire   . . .        b - +0 short sword
rCold   . . .        (no shield)
rNeg    . . .        (helmet restricted)
rPois   .            c - amulet of regeneration
rElec   .            (no ring)
rCorr   .            (no ring)
SInv    .            (no ring)
Will    .....        (no ring)
Stlth   +++          (no ring)
HPRegen 1.02/turn    (no ring)
MPRegen 0.09/turn    (no ring)
                     (no ring)

%: no passive effects
@: very slightly contaminated
A: almost no armour, amphibious, 8 rings, camouflage 1, gelatinous body 1,
(nimble swimmer 1), tentacles
a: no special abilities


You were on level 4 of the Dungeon.
You visited 1 branch of the dungeon, and saw 4 of its levels.

You collected 67 gold pieces.

Inventory:

Hand Weapons
 b - a +0 short sword (weapon)
   (You took it off a kobold on level 3 of the Dungeon)
Jewellery
 c - an amulet of regeneration (around mantle)
   (You found it on level 3 of the Dungeon)
Scrolls
 d - a scroll of fear {unknown}
Potions
 a - a potion of magic


   Skills:
 - Level 2.0 Dodging
 - Level 2.6 Stealth
 + Level 2.3 Spellcasting
 - Level 1.0 Conjurations
 * Level 4.0 Alchemy


You had 4 spell levels left.
You knew the following spells:

 Your Spells              Type           Power      Damage    Failure   Level
a - Sting                 Conj/Alch      40%        1d5       7%          1

Your spell library contained the following spells:

 Spells                   Type           Power      Damage    Failure   Level
 Mercury Vapours          Alch/Air       16%        N/A       12%         2
 Necrotise                Necr           4%         1d4       19%         1
 Mephitic Cloud           Conj/Alch/Air  7%         N/A       28%         3
 Olgreb's Toxic Radiance  Alch           15%        N/A       34%         4
 Vampiric Draining        Necr           1%         2d6       50%         3
 Sticky Flame             Fire/Alch      8%         2d4       63%         4
 Martyr's Knell           Necr/Summ      1%         N/A       88%         4
 Curse of Agony           Necr           1%         N/A       99%         5


Dungeon Overview and Level Annotations

Branches:
Dungeon (4/15)
 Temple: D:4-7

Altars:


Innate Abilities, Weirdness & Mutations

You cannot wear most types of armour.
You are amphibious.
You can wear up to eight rings at the same time.
Your skin changes colour to match your surroundings (Stealth+).
Your rubbery body absorbs attacks. (AC +1, EV +1)
((You are camouflaged when in or above water. (Stealth+)))
You have tentacles for arms and can constrict up to eight enemies at once.


Message History

Press: ? - help, Shift-Dir - straight line, f - bat
Aim: a bat (57% to hit)
The sting hits the bat.
The bat is poisoned.
You kill the bat!
Your Alchemy skill increases to level 4!
Casting: Sting (safe; 7% risk of failure)
Confirm with . or Enter, or press ? or * to list all spells.
You can't see any susceptible monsters within range! (Use Z to cast anyway.)
There is a stone staircase leading down here.
You climb downwards.
There is a stone staircase leading up here.
Unknown command.
Magic restored.
Found a war axe.
Unknown command.
You see here a +0 war axe.
Found 2 poisoned darts.
d - a scroll labelled PEODUJASIO
Found a helmet.
A ball python comes into view.
Unknown command.
A ball python is nearby!
Casting: Sting (safe; 7% risk of failure)
Confirm with . or Enter, or press ? or * to list all spells.
Aiming: Sting (safe; 7% risk of failure)
Press: ? - help, Shift-Dir - straight line, f - ball python
Aim: a ball python (asleep, 100% to hit)
The sting hits the ball python.
The ball python is poisoned.
The ball python is severely wounded.
The ball python hisses angrily.
Casting: Sting (safe; 7% risk of failure)
Confirm with . or Enter, or press ? or * to list all spells.
Aiming: Sting (safe; 7% risk of failure)
Press: ? - help, Shift-Dir - straight line, f/p - ball python
Aim: a ball python (moderately wounded, poisoned, 68% to hit)
The sting hits the ball python.
The ball python looks even sicker.
You kill the ball python!
An ufetubus comes into view.
An ufetubus comes into view.
The ufetubus shouts!
There are monsters nearby!
The ufetubus shouts!
Casting: Sting (safe; 7% risk of failure)
Confirm with . or Enter, or press ? or * to list all spells.
Aiming: Sting (safe; 7% risk of failure)
Press: ? - help, Shift-Dir - straight line, f - ufetubus
Aim: an ufetubus (53% to hit)
The sting hits the ufetubus.
The ufetubus is poisoned.
The ufetubus is moderately wounded.
Casting: Sting (safe; 7% risk of failure)
Confirm with . or Enter, or press ? or * to list all spells.
Aiming: Sting (safe; 7% risk of failure)
Press: ? - help, Shift-Dir - straight line, f/p - ufetubus
Aim: an ufetubus (moderately wounded, poisoned, 53% to hit)
You miscast Sting.
You are very lightly contaminated with residual magic.
Nothing appears to happen.
Casting: Sting (safe; 7% risk of failure)
Confirm with . or Enter, or press ? or * to list all spells.
Aiming: Sting (safe; 7% risk of failure)
Press: ? - help, Shift-Dir - straight line, f/p - ufetubus
Aim: an ufetubus (moderately wounded, poisoned, 53% to hit)
The sting misses the ufetubus. x2; The ufetubus hits you.
The ufetubus barely misses you.
Casting: Sting (safe; 7% risk of failure)
Confirm with . or Enter, or press ? or * to list all spells.
Aiming: Sting (safe; 7% risk of failure)
Press: ? - help, Shift-Dir - straight line, f/p - ufetubus
Aim: an ufetubus (moderately wounded, poisoned, 53% to hit)
The sting misses the ufetubus.
The sting hits the ufetubus.
The ufetubus is poisoned.
The ufetubus is moderately wounded.
The ufetubus barely misses you. The ufetubus completely misses you.
The ufetubus misses you. The ufetubus closely misses you.
Casting: Sting (safe; 7% risk of failure)
Confirm with . or Enter, or press ? or * to list all spells.
Aiming: Sting (safe; 7% risk of failure)
Press: ? - help, Shift-Dir - straight line, f/p - ufetubus
Aim: an ufetubus (severely wounded, poisoned, 53% to hit)
The sting hits the ufetubus but does no damage.
The ufetubus looks even sicker.
The ufetubus is severely wounded.
The ufetubus hits you but does no damage.
The ufetubus hits you.
Casting: Sting (safe; 7% risk of failure)
Confirm with . or Enter, or press ? or * to list all spells.
You don't have enough magic to cast this spell.
You barely miss the ufetubus. Your grab misses the ufetubus.
Your squeeze misses the ufetubus.
The ufetubus is almost dead.
The ufetubus slips past you! The ufetubus barely misses you.
The ufetubus hits you. The ufetubus misses you. The ufetubus hits you.
The ufetubus barely misses you. The ufetubus misses you.
You closely miss the ufetubus. You grab the ufetubus.
The ufetubus is almost dead.
You constrict the ufetubus, but do no damage.
The ufetubus hits you. x2
* * * LOW HITPOINT WARNING * * *
The ufetubus closely misses you. The ufetubus hits you.
You die...

#.# #.# #.# #.#
#.# #.#
#######5#######
#.......@......#
#.######5#####.#
#.#....†...#
#....###.#.#
###..#...#.#
#..###.#.#
#......#.###
#.####..#.......#
#.....#.#[###.#.#


You could see 2 ufetubi.

Vanquished Creatures
  3 ball pythons
  A goblin (D:1)
  A hobgoblin (D:1)
  2 jackals (D:3)
  A kobold (D:3)
  2 quokkas
  3 bats
  A frilled lizard (D:3)
  A rat (D:1)
15 creatures vanquished.

Notes
Turn   | Place    | Note
-------+----------+-------------------------------------------
     0 | D:1      | Flugslaktarn the Octopode Alchemist began the quest for the
                  | Orb.
     0 | D:1      | Reached XP level 1. HP: 11/11 MP: 3/3
   151 | D:1      | Reached XP level 2. HP: 17/17 MP: 0/5
   273 | D:3      | Reached skill level 4 in Alchemy
   330 | D:4      | Slain by an ufetubus

Illustrated notes

Levels and vault maps discovered:
D:1:      dpeg_arrival_shrine, layout_loops_ring, dreamdust_wishing_well,
          minmay_misc_feat_diagonals
D:2:      layout_loops_cross
D:3:      layout_rooms, minivault_5
D:4:      layout_basic, makhleb_heckhound_becter, uniq_duvessa

Skill      XL: |  1  2 |
---------------+-------+-----
Alchemy        | 4 |  4.0
Dodging        | |  2.0
Stealth        | |  2.6
Spellcasting   | |  2.3
Conjurations   | |  1.0

Action                     || total
---------------------------++-------
  Melee: Unarmed           ||    11
         Constrict         ||     8
         Tentacles         ||     6
         Short sword       ||    12
   Cast: Sting             ||    16
 Armour: Skin              ||    21
  Dodge: Dodged            ||    33

Table legend: (Time is in decaauts)
 A = Elapsed time spent in this place.
 B = Non-inter-level travel time spent in this place.
 C = Inter-level travel time spent in this place.
 D = Time resting spent in this place.
 E = Time spent auto-exploring this place.
 F = Levels seen in this place.
 G = Mean time per level.
                   A        B        C        D        E       F      G
               +--------+--------+--------+--------+--------+-----+--------+
         Total |    329 |    305 |     24 |      0 |    158 |   4 |   82.2 |
       Dungeon |    329 |    305 |     24 |      0 |    158 |   4 |   82.2 |
               +--------+--------+--------+--------+--------+-----+--------+

Top non-repeatable levels by time:
     D:1: 164 daAuts
     D:3: 86 daAuts
     D:4: 52 daAuts
     D:2: 25 daAuts
